 Dungeon Crawl Stone Soup version 0.30.1-11-g7821555f0a (webtiles) character file.

Game seed: 6641701785613582928

33 Kranky the Ruffian (level 3, -2/31 HPs)
             Began as a Gnoll Wanderer on Nov 2, 2023.
             Slain by Natasha (3 damage)
             ... on level 2 of the Dungeon.
             The game lasted 00:01:44 (907 turns).

Kranky the Ruffian (Gnoll Wanderer)                  Turns: 907, Time: 00:01:45

Health: -2/31      AC:  6    Str: 12    XL:     3   Next: 29%
Magic:  4/4        EV: 11    Int: 12    God:
Gold:   50         SH:  0    Dex: 11    Spells: 3/3 levels left

rFire   . . .        a - +2 quarterstaff
rCold   . . .        (shield currently unavailable)
rNeg    . . .        m - +3 leather armour
rPois   .            (no helmet)
rElec   .            (no cloak)
rCorr   .            (no gloves)
SInv    .            (no boots)
Will    .....        (no amulet)
Stlth   ++           (no ring)
HPRegen 0.25/turn    (no ring)
MPRegen 0.09/turn

%: no passive effects
@: no status effects
A: fangs 1, strong nose, distributed training
a: no special abilities


You were on level 2 of the Dungeon.
You visited 1 branch of the dungeon, and saw 2 of its levels.

You collected 50 gold pieces.

Inventory:

Hand Weapons
 a - a +2 quarterstaff (weapon)
 n - a +0 dagger of venom
Armour
 e - a +0 leather armour
 k - a +0 ring mail
 m - a +3 leather armour (worn)
Wands
 c - a wand of polymorph (4) (quivered)
Scrolls
 b - 2 scrolls of teleportation
 f - a scroll of blinking {unknown}
 h - a scroll of identify {unknown}
 i - a scroll of brand weapon {unknown}
 j - 2 scrolls of fog {unknown}
 l - a scroll of vulnerability {unknown}
 p - a scroll of magic mapping {unknown}
 q - a scroll of immolation {unknown}
Potions
 d - a potion of heal wounds
 g - 2 potions of mutation {unknown}
 o - a potion of attraction {unknown}


   Skills:
 + Level 4.5 Fighting
 + Level 0.8 Short Blades
 + Level 0.8 Long Blades
 + Level 0.8 Axes
 + Level 0.8 Maces & Flails
 + Level 0.8 Polearms
 + Level 4.5 Staves
 + Level 0.8 Ranged Weapons
 + Level 0.8 Throwing
 + Level 2.6 Armour
 + Level 0.8 Dodging
 + Level 4.1 Stealth
 + Level 0.8 Shields
 + Level 4.5 Unarmed Combat
 + Level 0.8 Spellcasting
 + Level 0.5 Conjurations
 + Level 0.5 Hexes
 + Level 0.5 Summonings
 + Level 0.5 Necromancy
 + Level 0.5 Translocations
 + Level 0.5 Transmutations
 + Level 0.5 Fire Magic
 + Level 0.5 Ice Magic
 + Level 0.5 Air Magic
 + Level 0.5 Earth Magic
 + Level 0.5 Poison Magic
 + Level 1.0 Invocations
 + Level 2.6 Evocations


You had 3 spell levels left.
You didn't know any spells.
Your spell library contained the following spells:

 Spells                   Type           Power      Damage    Failure   Level
 Necrotise                Necr           4%         1d4       30%         1
 Vampiric Draining        Necr           1%         2d6       67%         3
 Agony                    Necr           1%         N/A       100%        5


Dungeon Overview and Level Annotations

Branches:
Dungeon (2/15)

Altars:

Annotations:
D:2 Natasha


Innate Abilities, Weirdness & Mutations

You have very sharp teeth.
Your uncanny sense of smell can sniff out nearby items.
Your experience applies equally to all skills.


Message History

Found a robe.
Natasha mumbles some strange words.
The ball python misses you. The ball python barely misses you.
You hit the ball python.
You kill the ball python!
Your Invocations skill increases to level 1!
Found 2 potions of heal wounds.
Found a stone staircase leading up.
You barely miss Natasha.
Natasha zaps a wand.
The puff of flame hits you!
You hit Natasha. Your bite misses Natasha.
Natasha is moderately wounded.
Natasha claws you.
The cerulean imp hits you from afar with a +2 spear.
You closely miss Natasha.
Natasha is moderately wounded.
Natasha claws you but does no damage. The cerulean imp closely misses you.
You hit Natasha.
Natasha is severely wounded.
Natasha claws you but does no damage.
The cerulean imp hits you from afar with a +2 spear.
You are too injured to fight recklessly!
You are too injured to fight recklessly!
You are too injured to fight recklessly!
You are too injured to fight recklessly!
You closely miss Natasha.
Natasha is severely wounded.
Natasha zaps a wand.
The puff of flame hits you.
* * * LOW HITPOINT WARNING * * *
The cerulean imp barely misses you.
You closely miss Natasha. You bite Natasha, but do no damage.
Natasha is severely wounded.
Natasha claws you but does no damage.
The cerulean imp hits you but does no damage.
Natasha claws you!
* * * LOW HITPOINT WARNING * * *
You barely miss Natasha.
Natasha is severely wounded.
The cerulean imp hits you from afar with a +2 spear.
* * * LOW HITPOINT WARNING * * *
Natasha claws you.
You die...

#.#...... .........
#.#...... .........
.###.#...... .[......<
............. ........#
#.#........... ........#
#...#.........
.......5###............#
.......h.............###
.......@....##......##
!......†.........#..####
#...........#...........
.....#.####.#...##......
.....#. #.....##.#....
.... .. ##....##.#....
... ....####.....#.#..>.
#.####........##.#.##...
..##.....##........


You could see Natasha and a cerulean imp (summoned).

Vanquished Creatures
  An adder (D:2)
  4 endoplasms (D:2)
  A giant cockroach (D:2)
  3 goblins (D:2)
  2 jackals (D:1)
  5 kobolds
  2 ball pythons (D:2)
  A bat (D:1)
  A frilled lizard (D:2)
  4 rats
24 creatures vanquished.

Notes
Turn   | Place    | Note
-------+----------+-------------------------------------------
     0 | D:1      | Kranky the Gnoll Wanderer began the quest for the Orb.
     0 | D:1      | Kranky set off with the following items: a +2 quarterstaff,
                  | a scroll of teleportation, a wand of polymorph (4), a
                  | potion of heal wounds, a +0 leather armour.
     0 | D:1      | Reached XP level 1. HP: 20/20 MP: 1/1
   254 | D:1      | Found a faded altar of an unknown god.
   255 | D:1      | Noticed an eye of devastation
   259 | D:1      | Noticed an eye of devastation
   259 | D:1      | Noticed a great orb of eyes
   259 | D:1      | Noticed a shining eye
   391 | D:1      | Reached XP level 2. HP: 26/26 MP: 2/2
   718 | D:2      | Reached XP level 3. HP: 31/31 MP: 3/3
   895 | D:2      | Noticed Natasha
   900 | D:2      | Reached skill level 1 in Invocations
   906 | D:2      | HP: 1/31 [Natasha (8)]
   907 | D:2      | Slain by Natasha

Illustrated notes

Levels and vault maps discovered:
D:1:      onia_arrival_pentagram, layout_basic,
          hellmonk_ecumenical_altar_watching_god
D:2:      layout_rooms, serial_shops, shop, shop, shop,
          minmay_tree_intersection, minmay_increasing_density, uniq_natasha

Skill      XL: |  1  2  3 |
---------------+----------+-----
Invocations    | 1 |  1.0
Fighting       | |  4.5
Short Blades   | |  0.8
Long Blades    | |  0.8
Axes           | |  0.8
Maces & Flails | |  0.8
Polearms       | |  0.8
Staves         | |  4.5
Ranged Weapons | |  0.8
Throwing       | |  0.8
Armour         | |  2.6
Dodging        | |  0.8
Stealth        | |  4.1
Shields        | |  0.8
Unarmed Combat | |  4.5
Spellcasting   | |  0.8
Conjurations   | |  0.5
Hexes          | |  0.5
Summonings     | |  0.5
Necromancy     | |  0.5
Translocations | |  0.5
Transmutations | |  0.5
Fire Magic     | |  0.5
Ice Magic      | |  0.5
Air Magic      | |  0.5
Earth Magic    | |  0.5
Poison Magic   | |  0.5
Evocations     | |  2.6

Action                     || total
---------------------------++-------
  Melee: Quarterstaff      ||    65
         Bite              ||     3
   Stab: Sleeping          ||     9
 Armour: Leather armour    ||    26
         Ring mail         ||     2
  Dodge: Dodged            ||    31
